AoeStats
← Jazzmushroom

Nomad

508934212Analyzed
4v4 RM · 7d ago on Sep 24, 2026· 44m 31s· 8 players
Game mode
Random Map
Map size
231×231
Population
200
Speed
Normal
Resources
Standard
Victory
Conquest
Starting age
Dark Age
Ending age
Imperial Age
RankedLock teamsTeams togetherTeam positionsShared explorationLock speedFull tech treeHidden civsTurbo modeCheats
Victory
Defeat
🇻🇳 Spanish · Vietnam
1425
+13
🇻🇳 Persians · Vietnam
1340
+16
🇻🇳 Vietnamese · Vietnam
1257
+20
🇻🇳 Khmer · Vietnam
1170
+23
🇨🇱 Poles · Chile
1381
-20
🇦🇷 Spanish · Argentina
1354
-18
🇺🇸 Varangians · United States
1318
-17
🇹🇼 Portuguese · Taiwan
1306
-17
Jazzmushroom
4:54 Loom
14:41 Feudal Age
15:20 Double-Bit Axe
15:34 Fishing Lines
17:54 Forging
18:31 Scale Mail Armor
20:52 Castle Age
19:35 Gold Mining
22:01 Wheelbarrow
22:15 Medium Warships
21:57 Gillnets
22:39 Bow Saw
24:14 Hand Cart
23:45 Town Watch
24:17 Horse Collar
30:41 Iron Casting
30:22 Chain Mail Armor
31:29 Squires
31:16 Arson
31:35 Gambesons
33:20 Stone Mining
42:39 Imperial Age
41:01 Fletching
42:45 Gothikon
43:46 Conscription
43:58 Plate Mail Armor
43:17 Capped Ram
43:44 Elite Varangian Guard
_Mewtwo
4:53 Loom
11:36 Feudal Age
12:17 Double-Bit Axe
13:04 Horse Collar
17:37 Forging
18:59 Scale Barding Armor
23:27 Castle Age
22:22 Bloodlines
24:29 Bow Saw
24:19 Heavy Plow
24:41 Chain Barding Armor
23:45 Light Cavalry
27:00 Iron Casting
31:48 Wheelbarrow
33:01 Scale Mail Armor
37:38 Imperial Age
39:23 Blast Furnace
37:46 Cavalier
38:47 Conscription
39:45 Husbandry
40:20 Winged Hussar
42:01 Crop Rotation
44:00 Lechitic Legacy
alex1993327
3:52 Loom
13:20 Feudal Age
13:49 Double-Bit Axe
20:22 Castle Age
18:40 Fletching
20:06 Gold Mining
21:16 Medium Warships
22:08 Bow Saw
36:13 Imperial Age
34:58 Wheelbarrow
35:32 Horse Collar
38:01 Elite Organ Gun
Lord_Wilfredo
7:58 Loom
13:06 Feudal Age
18:14 Castle Age
16:23 Double-Bit Axe
16:29 Horse Collar
17:55 Fishing Lines
19:56 Bow Saw
20:08 Padded Archer Armor
20:13 Town Watch
26:37 Wheelbarrow
32:49 Gold Mining
36:54 Imperial Age
34:24 Fletching
34:50 Leather Archer Armor
34:54 Hand Cart
35:22 Elite Skirmisher
36:03 Bodkin Arrow
38:41 Chemistry
39:27 Ballistics
42:19 Pikeman
43:00 Squires
Tin's
5:27 Loom
15:57 Feudal Age
20:20 Castle Age
18:44 Double-Bit Axe
18:52 Stone Mining
18:55 Gold Mining
19:06 Scale Mail Armor
19:56 Forging
19:42 Fishing Lines
21:33 Wheelbarrow
21:59 Gillnets
22:57 Squires
25:23 Arson
25:52 Town Watch
28:28 Chain Mail Armor
32:50 Bow Saw
34:12 Stone Mining
34:47 Horse Collar
37:04 Iron Casting
39:01 Heavy Plow
42:16 Imperial Age
40:04 Hand Cart
40:54 Stone Shaft Mining
41:56 Fletching
42:06 Padded Archer Armor
42:21 Elite Fire Lancer
43:33 Plate Mail Armor
42:29 Capped Ram
44:03 Bodkin Arrow
TanLN
4:42 Loom
13:39 Feudal Age
14:22 Double-Bit Axe
16:58 Forging
21:42 Castle Age
22:24 Medium Warships
23:07 Bow Saw
23:40 Iron Casting
24:24 Wheelbarrow
24:14 Fishing Lines
26:56 Clinker Construction
27:06 Careening
29:13 Siphons
31:49 Horse Collar
33:14 Gillnets
36:58 Imperial Age
34:48 Scale Barding Armor
35:41 Gold Mining
35:41 Stone Mining
36:01 Husbandry
36:12 Bloodlines
36:50 Chain Barding Armor
38:41 Plate Barding Armor
37:28 Cavalier
38:32 Conscription
39:14 Blast Furnace
39:57 Savar
45:04 Gold Shaft Mining
TạNgànCân
5:14 Loom
13:28 Feudal Age
17:59 Castle Age
16:23 Double-Bit Axe
16:36 Gold Mining
17:28 Padded Archer Armor
17:19 Fishing Lines
19:43 Medium Warships
23:42 Leather Archer Armor
26:15 Bow Saw
29:04 Wheelbarrow
33:47 Husbandry
34:35 Bloodlines
35:22 Horse Collar
41:49 Imperial Age
41:17 Fletching
44:45 Hand Cart
kw3dsky
14:20 Loom
16:30 Feudal Age
20:57 Castle Age
19:22 Double-Bit Axe
19:33 Gold Mining
19:37 Stone Mining
20:28 Fletching
22:00 Bow Saw
24:34 Wheelbarrow
28:59 Hand Cart
35:36 Imperial Age
33:53 Scale Barding Armor
33:59 Forging
35:13 Chain Barding Armor
37:12 Plate Barding Armor
36:55 Double Crossbow
37:04 Elite Ballista Elephant
38:29 Conscription
39:46 Chemistry
41:53 Padded Archer Armor
Connection lost

Rejoining the realm…

Still unreachable

The connection could not be restored.

Session expired

The server has moved on; the page needs a fresh start.